 Dungeon Crawl Stone Soup version 0.28-a0-683-ga8797d1ae1 (webtiles) character file.

Game seed: 1679561113040101792

463 ytrimaz the Skirmisher (level 6, -1/87 HPs)
             Began as a Minotaur Berserker on Oct 18, 2021.
             Was a Priest of Trog.
             Slain by a phantom (6 damage)
             ... on level 4 of the Dungeon.
             The game lasted 00:04:26 (4015 turns).

ytrimaz the Skirmisher (Minotaur Berserker)         Turns: 4015, Time: 00:04:27

Health: -1/87      AC:  9    Str: 23    XL:     6   Next: 79%
Magic:  5/5        EV:  8    Int:  4    God:    Trog [***...]
Gold:   13         SH:  0    Dex: 10    Spells: 5/5 levels left

rFire   . . .      SeeInvis .   v - +0 long sword (flame)
rCold   . . .      Faith    .   (no shield)
rNeg    . . .      Spirit   .   j - +0 chain mail
rPois   .          Reflect  .   (helmet restricted)
rElec   .          Harm     .   (no cloak)
rCorr   .          Rampage  .   (no gloves)
Will    .....                   (no boots)
Stlth   ..........              (no amulet)
HPRegen 0.24/turn               (no ring)
MPRegen 0.09/turn               (no ring)

@: berserking, very quick
A: horns 2, retaliatory headbutt
a: Renounce Religion, Berserk, Trog's Hand


You were on level 4 of the Dungeon.
You worshipped Trog.
Trog was most pleased with you.
You visited 1 branch of the dungeon, and saw 5 of its levels.

You collected 96 gold pieces.
You spent 83 gold pieces at shops.

Inventory:

Hand Weapons
 v - a +0 long sword of flaming (weapon)
Armour
 j - a +0 chain mail (worn)
Jewellery
 l - a ring of flight
Wands
 p - a wand of acid (10)
Scrolls
 d - a scroll of amnesia {unknown}
 g - a scroll of enchant armour {unknown}
 h - 3 scrolls of identify {unknown}
 i - a scroll of blinking {unknown}
 m - a scroll of summoning {unknown}
 q - 2 scrolls of vulnerability {unknown}
 r - a scroll of fog {unknown}
 t - a scroll of noise {unknown}
 u - a scroll of magic mapping {unknown}
Potions
 b - a potion of magic {unknown}
 c - 3 potions of curing {unknown}
 e - a potion of might {unknown}
 f - 3 potions of degeneration {unknown}
 k - a potion of invisibility {unknown}
 n - a potion of attraction {unknown}
 o - 2 potions of heal wounds {unknown}
 s - a potion of lignification {unknown}


   Skills:
 * Level 6.3 Fighting
 + Level 6.2 Long Blades
 * Level 5.0 Armour
 - Level 2.1 Dodging


You had 5 spell levels left.
You didn't know any spells.
Your spell library was empty.

Dungeon Overview and Level Annotations

Branches:
Dungeon (5/15)             Temple (0/1) D:4

Altars:

Shops:
D:3 *   D:4 **

Annotations:
D:5 Prince Ribbit


Innate Abilities, Weirdness & Mutations

You have a pair of horns on your head.
You reflexively headbutt those who attack you in melee.


Message History

The phantom is severely damaged.
Prince Ribbit hits you. The phantom barely misses you. Prince Ribbit hits you.
Unknown command.
There is a stone staircase leading up here.
Prince Ribbit hits you! The phantom completely misses you.
You furiously retaliate!
You headbutt the phantom, but do no damage.
Prince Ribbit blinks!
You climb upwards.
There is a stone staircase leading down here.
Unknown command.
You completely miss the phantom.
The phantom is severely damaged.
The phantom hits you.
The phantom blinks!
You blink.
The phantom hits you.
* * * LOW HITPOINT WARNING * * *
You slash the phantom! You burn the phantom.
The phantom is almost destroyed.
The phantom hits you.
* * * LOW HITPOINT WARNING * * *
The phantom blinks!
You blink.
The phantom hits you!
* * * LOW HITPOINT WARNING * * *
The phantom blinks!
You blink.
You barely miss the phantom.
The phantom is almost destroyed.
The phantom hits you.
* * * LOW HITPOINT WARNING * * *
The phantom blinks!
You blink.
A red film seems to cover your vision as you go berserk!
You feel yourself moving faster!
You feel mighty! The phantom hits you.
* * * LOW HITPOINT WARNING * * *
You closely miss the phantom.
The phantom is almost destroyed.
The phantom hits you but does no damage.
Unknown command.
You barely miss the phantom.
The phantom is almost destroyed.
The phantom hits you.
You die...

.............'.......'....#.....#
##########'###.......######.....#
....#..#.....#######..........###
....#..'.....#.....#...|......#
....#..#...).'.....#..........#
....#'##.....#####'#..........#
..........................#####
#'##....#####..W..........#
#..#....# #...@..>......#
#..#....# #.............#
####....#####.§...........#######
.....#'##......#'###...........#.
.....#..'......'...+...........#.
.....#..#......#...#...........#.
.....##'#......#+###...........##
.######.###.......######....#####
.#...#....#.......#§§..#....#....


You could see a phantom.

Vanquished Creatures
  A black bear (D:4)
  A hornet zombie (D:4)
  An ogre (D:4)
  2 orc priests
  A jelly (D:4)
  An adder (D:2)
  3 worms
  3 dart slugs
  9 orcs
  5 ball pythons
  3 endoplasms
  3 giant cockroaches
  6 goblins
  8 hobgoblins
  3 quokkas
  11 bats
  3 frilled lizards (D:2)
  12 kobolds
  4 rats
80 creatures vanquished.

Vanquished Creatures (others)
  9 plants (D:1)
9 creatures vanquished.

Grand Total: 89 creatures vanquished

Notes
Turn   | Place    | Note
-------+----------+-------------------------------------------
     0 | D:1      | ytrimaz the Minotaur Berserker began the quest for the Orb.
     0 | D:1      | Reached XP level 1. HP: 19/19 MP: 0/0
   283 | D:1      | Reached XP level 2. HP: 27/27 MP: 1/1
   580 | D:1      | Reached ** piety under Trog
   731 | D:1      | Found a faded altar of an unknown god.
  1383 | D:2      | Reached XP level 3. HP: 28/34 MP: 2/2
  1819 | D:2      | Reached skill level 5 in Fighting
  2061 | D:3      | Reached XP level 4. HP: 35/42 MP: 3/3
  2202 | D:3      | Found Ekuj's General Store.
  2421 | D:3      | Reached *** piety under Trog
  2684 | D:4      | Noticed an ogre
  2685 | D:4      | Found a staircase to the Ecumenical Temple.
  2691 | D:4      | Killed an ogre
  2692 | D:4      | Reached skill level 5 in Long Blades
  2692 | D:4      | Reached XP level 5. HP: 50/50 MP: 4/4
  2798 | D:4      | Noticed a black bear
  2813 | D:4      | Killed a black bear
  2814 | D:4      | Reached XP level 6. HP: 47/57 MP: 5/5
  3476 | D:4      | Reached skill level 5 in Armour
  3746 | D:4      | Found Kiepuf's General Store.
  3748 | D:4      | Found Oneud's Specific Store.
  3757 | D:4      | Bought a +0 long sword of flaming for 83 gold pieces
  3994 | D:5      | Entered Level 5 of the Dungeon
  3997 | D:5      | Noticed Prince Ribbit
  4015 | D:4      | Slain by a phantom

Illustrated notes

Levels and vault maps discovered:
D:1:      minmay_arrival_stair_chambers, layout_loops_corners,
          ebering_ecumenical_altar_rust, chequers_garden, glass_columns_a,
          serial_bayou_lagoon_a
D:2:      layout_rooms
D:3:      layout_rooms, serial_shops, shop, minivault_26,
          chequers_serial_rivers_micro_d
D:4:      layout_gridville, minmay_temple_entry_large_hall,
          nicolae_specific_store
D:5:      layout_rooms, uniq_eustachio, uniq_menkaure, uniq_crazy_yiuf_cottage,
          uniq_prince_ribbit1

Skill      XL: |  1  2  3  4  5  6 |
---------------+-------------------+-----
Fighting       | 4 5 6 |  6.3
Long Blades    | 4 5 6 |  6.2
Armour         | 3 4 5 |  5.0
Dodging        | |  2.1

Action                   |  1- 3 |  4- 6 || total
-------------------------+-------+-------++-------
Melee: Falchion          |   107 |    69 ||   176
       Headbutt          |    13 |    16 ||    29
       Long sword        |       |    10 ||    10
Invok: Berserk           |     1 |     3 ||     4
Armor: Animal skin       |    28 |       ||    28
       Chain mail        |    49 |    48 ||    97
Dodge: Dodged            |    76 |    44 ||   120

Table legend: (Time is in decaauts)
 A = Elapsed time spent in this place.
 B = Non-inter-level travel time spent in this place.
 C = Inter-level travel time spent in this place.
 D = Time resting spent in this place.
 E = Time spent auto-exploring this place.
 F = Levels seen in this place.
 G = Mean time per level.
                   A        B        C        D        E       F      G
               +--------+--------+--------+--------+--------+-----+--------+
         Total |   4077 |   4026 |     51 |    378 |   2960 |   5 |  815.4 |
       Dungeon |   4077 |   4026 |     51 |    378 |   2960 |   5 |  815.4 |
               +--------+--------+--------+--------+--------+-----+--------+

Top non-repeatable levels by time:
     D:4: 1413 daAuts
     D:1: 1381 daAuts
     D:2: 699 daAuts
     D:3: 569 daAuts
     D:5: 13 daAuts
